AoeStats
← Alren

Arena

506053966Analyzed
1v1 RM · 18d ago on Sep 12, 2026· 57m 45s· 2 players
Game mode
Random Map
Map size
Tiny (2 player)
Population
200
Speed
Normal
Resources
Standard
Victory
Conquest
Starting age
Dark Age
Ending age
Imperial Age
RankedLock teamsTeams togetherTeam positionsShared explorationLock speedFull tech treeHidden civsTurbo modeCheats
Victory
Defeat
🇬🇹 Poles · Guatemala
944
+15
🇨🇦 Magyars · Canada
922
-15
Nix
11:19 Feudal Age
15:49 Castle Age
15:52 Double-Bit Axe
15:53 Horse Collar
22:07 Fletching
29:02 Corvinian Army
30:20 Padded Archer Armor
30:16 Bodkin Arrow
35:21 Imperial Age
32:38 Loom
34:38 Scale Barding Armor
38:43 Heavy Scorpion
41:19 Conscription
41:45 Gold Mining
42:08 Bow Saw
41:59 Heavy Plow
42:47 Wheelbarrow
41:59 Town Watch
44:46 Stone Mining
45:13 Elite Magyar Huszar
49:35 Gold Shaft Mining
49:18 Siege Engineers
50:14 Chemistry
Alren
5:35 Loom
10:54 Feudal Age
12:04 Double-Bit Axe
12:29 Horse Collar
13:27 Stone Mining
15:07 Wheelbarrow
20:39 Castle Age
22:21 Bow Saw
27:58 Town Watch
28:28 Hand Cart
28:42 Fletching
29:07 Forging
33:08 Imperial Age
30:40 Town Patrol
31:12 Gold Mining
32:47 Stone Shaft Mining
32:55 Szlachta Privileges
33:27 Bloodlines
33:20 Husbandry
35:22 Cavalier
38:13 Iron Casting
37:52 Murder Holes
38:59 Chemistry
41:31 Scale Barding Armor
42:28 Blast Furnace
42:23 Pikeman
43:45 Masonry
43:58 Ballistics
45:27 Scale Mail Armor
45:34 Squires
46:11 Hoardings
45:59 Conscription
45:09 Light Cavalry
50:04 Siege Engineers
49:46 Treadmill Crane
52:57 Chain Barding Armor
Connection lost

Rejoining the realm…

Still unreachable

The connection could not be restored.

Session expired

The server has moved on; the page needs a fresh start.